 Dungeon Sprint DCSS version 0.21-a0-260-g9b2435e (webtiles) character file.

25 Kidiri the Sneak (level 2, -4/14 HPs)
             Began as a Spriggan Enchanter on Sept 7, 2017.
             Slain by an ogre
             ... wielding a +0 giant spiked club
              (18 damage)
             ... in the Dungeon (Sprint I: "Red Sonja").
             The game lasted 00:00:40 (249 turns).

Kidiri the Sneak (Spriggan Enchanter)                Turns: 249, Time: 00:00:41

Health: -4/14      AC:  2    Str:  4    XL:     2   Next: 82%
Magic:  7/7        EV: 20    Int: 16    God:
Gold:   0          SH:  0    Dex: 16    Spells: 5/8 levels left

rFire    . . .     SeeInvis +   a - +1 dagger
rCold    . . .     Gourm    .   (shield restricted)
rNeg     . . .     Faith    .   b - +0 robe
rPois    .         Spirit   .   (helmet restricted)
rElec    .         Reflect  .   (no cloak)
rCorr    .         Harm     .   (gloves unavailable)
MR       .....     NoTele   +   (boots unavailable)
Stlth    +++.......             (no amulet)
HPRegen  0.04/turn              (no ring)
MPRegen  0.10/turn              (no ring)

@: very quick
A: unfitting armour, see invisible, herbivore 3, speed 3, slow metabolism 2
a: no special abilities


You were in the Dungeon.
You were not hungry.

You visited 1 branch

Inventory:

Hand Weapons
 a - a +1 dagger (weapon)
Armour
 b - a +0 robe (worn)
Scrolls
 j - a scroll of blinking
Potions
 f - a potion of heal wounds
 g - a potion of haste
 h - 2 potions of magic
 i - a potion of berserk rage
Books
 c - a book of Maledictions

   Spells                             Type                      Level
   a - Corona                         Hexes                        1
   b - Ensorcelled Hibernation        Hexes/Ice                    2
   c - Confuse                        Hexes                        3
   d - Tukima's Dance                 Hexes                        3
   e - Dazzling Spray                 Conjuration/Hexes            3
Comestibles
 d - a bread ration


   Skills:
 + Level 1.0 Fighting
 * Level 2.6 Short Blades
 + Level 1.2 Armour
 * Level 4.4 Dodging
 * Level 5.6 Stealth
 * Level 3.9 Spellcasting
 + Level 4.2 Hexes
 + Level 0.0 Ice Magic


You had 5 spell levels left.
You knew the following spells:

 Your Spells              Type           Power        Failure   Level  Hunger
a - Corona                Hex            ###....      3%          1    None
b - Ensorcelled Hibernat  Hex/Ice        #.....       11%         2    ##.....


Dungeon Overview and Level Annotations

Branches:
Dungeon (1/1)

Altars:


Innate Abilities, Weirdness & Mutations

You are very small and have problems with some larger weapons.
You are too small for most types of armour.
You have supernaturally acute eyesight. (SInv)
You are a herbivore.
You cover ground extremely quickly.
You need consume almost no food.


Message History

Your Stealth skill increases to level 5!
Your Spellcasting skill increases to level 3!
Your Hexes skill increases to level 4!
You have reached level 2!
You see here a leather armour.
You start resting.
Magic restored.
You start resting.
HP restored.
Memorise Ensorcelled Hibernation, consuming 2 spell levels and leaving 5?
You start memorising the spell.
You continue memorising. x2
You finish memorising.
Spell assigned to 'b'.
There is an open door here.
You open the door.
An ogre comes into view. It is wielding a giant spiked club.
There is an open door here.
Unknown command.
The ogre hits you with a giant spiked club!!
Ouch! That really hurt!
You die...

##########
#<.#..'.@#
#..'..#.O+
#..#####+#
#..# #..#
#[.# #⌠⌠#
####


You could see an ogre.

Vanquished Creatures
  Ijyb (D)
1 creature vanquished.

Notes
Turn   | Place    | Note
-------+----------+-------------------------------------------
     0 | D        | Kidiri the Spriggan Enchanter began the quest for the Orb.
     0 | D        | Reached XP level 1. HP: 9/9 MP: 5/5
     2 | D        | Noticed Ijyb
    40 | D        | Killed Ijyb
    40 | D        | Reached skill level 1 in Fighting
    40 | D        | Reached skill level 1 in Armour
    40 | D        | Reached skill level 5 in Stealth
    40 | D        | Reached XP level 2. HP: 6/14 MP: 0/7
   238 | D        | Learned a level 2 spell: Ensorcelled Hibernation
   247 | D        | Noticed an ogre
   249 | D        | Slain by an ogre

Vault maps used:
D:        dungeon_sprint_1

Skill      XL: |  1 |
---------------+----+-----
Fighting       | 1 |  1.0
Short Blades   | 2 |  2.6
Armour         | 1 |  1.2
Dodging        | 4 |  4.4
Stealth        | 5 |  5.6
Spellcasting   | 3 |  3.9
Hexes          | 4 |  4.2

Action                   || total
-------------------------++-------
Melee: Dagger            ||    22
 Cast: Corona            ||     7
  Use: Potion            ||     1
 Stab: Sleeping          ||     1
Armor: Robe              ||     1
Dodge: Dodged            ||    19

Table legend:
 A = Spawn XP
 B = Non-spawn XP
 C = Spawn XP percentage of total XP
 D = Spawn monster count
 E = Non-spawn monster count
 F = Spawn count percentage of total count
 G = Total turns spent on level
                    A         B        C        D         E        F      G
               +---------+---------+-------+---------+---------+-------+---------
         Total |       0 |      36 |   0.0 |       0 |       1 |   0.0 |   249
               +---------+---------+-------+---------+---------+-------+---------
             D |       0 |      36 |   0.0 |       0 |       1 |   0.0 |   249
               +---------+---------+-------+---------+---------+-------+---------
